[Event "67th Mexican-ch Open 2022"]
[Site "Chihuahua"]
[Date "2022.04.16"]
[Round "6.4"]
[White "Perez Gormaz, Matias"]
[Black "Obregon Rivero, Juan Carlos"]
[Result "0-1"]
[ECO "B22"]
[WhiteElo "2404"]
[BlackElo "2536"]
[Annotator "TA"]
[PlyCount "42"]
[EventDate "2022.04.12"]
[EventType "swiss"]
[EventCountry "MEX"]
[SourceTitle "playchess.com"]
[Source "ChessBase"]
[SourceQuality "1"]
[TimeControl "5400+30"]

1. e4 d5 2. exd5 Qxd5 3. Nf3 Nf6 4. c3 c5 5. d4 Nc6 6. dxc5 Qxc5 7. Na3 {[%emt 0:00:33][%cal Bb1a3,Ba3b5,Bb5d4][%mdl 32] B22: Sicilian: 2 c3.} e6 8. Nb5 Qe7 {[%emt 0:00:00] [#] Against Nc7+} 9. Bg5 $146 {[%emt 0:27:06] White is slightly better.} (9. Qa4 $5 Nd5 10. Bf4 Nxf4 11. Qxf4 $14) ({Predecessor:} 9. b3 a6 10. Ba3 Qd8 11. Nd6+ Bxd6 12. Qxd6 Qxd6 13. Bxd6 Ne4 14. Ba3 Nxc3 15. Bb2 {½-½ (45) Kharlov,A (2545)-Tolnai,T (2490) Budapest 1992}) 9... a6 10. Qa4 {[%emt 0:01:51] And now 0-0-0 would win.} Rb8 $1 11. Nbd4 {[%emt 0:18:21][%cal Of1a6] Black must now prevent Bxa6!} Bd7 12. O-O-O Rc8 (12... h6 $5 13. Bh4 Rc8 $11) 13. Nxc6 Bxc6 14. Qh4 h6 15. Ne5 hxg5 16. Qxh8 Ne4 {[%emt 0:00:00][%cal Oe4c3] Strongly threatening ...Nxc3!} 17. Bd3 Nxf2 $2 (17... Nxc3 $1 $11 18. bxc3 Qc5) 18. Rhf1 $18 (18. Nxc6 Rxc6 19. Qh5 Rd6 $17) 18... Qc5 {[%emt 0:00:00] [#]} (18... Nxd1 $2 19. Rxf7 Qxf7 20. Nxf7 Kxf7 21. Qh5+ Kf6 22. Qg6+ (22. Qxd1 Bxg2 23. Qh5 Bd5 $18) 22... Ke7 23. Qxg5+ Kd6 24. Kxd1 $18) 19. Bg6 $4 fxg6 (19... Nxd1 $2 20. Rxf7 $1 Kd8 21. Rxf8+ Qxf8 22. Qxf8+ $18) (19... Qe3+ $1 $19 20. Kb1 (20. Rd2 $2 Be4 $19) 20... Be4+ 21. Bxe4 Nxd1) 20. Nxg6 {[%emt 0:00:05] [#]} (20. Qg8 Nxd1 21. Qf7+ Kd8 22. Qxf8+ (22. Rxd1+ Bd6 $17) 22... Qxf8 23. Rxf8+ Kc7 24. Rxc8+ Kxc8 $15) (20. Rd2 $11 {remains equal.} Ne4 21. Rd3 $1) 20... Be4 $1 $17 {[%emt 0:00:00] ( -> ...Qe3+)} ({Much less strong is} 20... Bxg2 21. Nxf8 (21. Qg8 Qe3+ 22. Rd2 Rxc3+ 23. bxc3 Qxc3+ 24. Rc2 Qa1+ 25. Kd2 Qd4+ 26. Kc1 Qa1+ 27. Kd2 Qd4+ 28. Kc1 Qa1+ $11) 21... Qe3+ 22. Kb1 Be4+ 23. Ka1 Nxd1 24. Nxe6+ (24. Rxd1 Kf7 $11) 24... Kd7 25. Qxg7+ (25. Rxd1+ Bd3 $14) 25... Kc6 26. Rxd1 $16) 21. Nxf8 $4 (21. Qxf8+ $17 Qxf8 22. Nxf8 Nxd1 23. Nxe6 Nxc3 24. bxc3) 21... Qe3+ {[%emt 0:00:00] Weighted Error Value: White=0.79/Black=0.39} 0-1

[Event "67th Mexican-ch Open 2022"]
[Site "Chihuahua"]
[Date "2022.04.16"]
[Round "6.5"]
[White "Hernandez Guerrero, Gilberto"]
[Black "Ibarra Chami, Luis Fernando"]
[Result "1-0"]
[ECO "C83"]
[WhiteElo "2564"]
[BlackElo "2451"]
[Annotator "TA"]
[PlyCount "55"]
[EventDate "2022.04.12"]
[EventType "swiss"]
[EventCountry "MEX"]
[SourceTitle "playchess.com"]
[Source "ChessBase"]
[SourceQuality "1"]
[TimeControl "5400+30"]

1. e4 {[%emt 0:00:05] ChessBase} e5 2. Nf3 Nc6 3. Bb5 a6 4. Ba4 Nf6 5. O-O Nxe4 6. d4 b5 7. Bb3 d5 8. dxe5 Be6 9. Nbd2 Be7 10. c3 O-O 11. Bc2 f5 12. Nb3 Qd7 13. Re1 {[%emt 0:09:19] C83: Open Ruy Lopez: 9 c3 Be7.} Nd8 14. Nfd4 $1 c5 15. Nxe6 {[%emt 0:00:08] White is better.} Nxe6 16. f3 N4g5 17. h4 Nf7 18. Bxf5 Bxh4 {[%emt 0:08:15] [#]} ({Better is} 18... Kh8 $14) 19. Nxc5 $146 ({Predecessor:} 19. Re2 Be7 20. Be3 Rac8 21. Rd2 Rfd8 22. f4 Nh6 23. Bh3 g6 24. Rxd5 Qc6 25. Rd6 Rxd6 26. exd6 Qe4 {1-0 (26) Dominik,J-Flamberg,A Warsaw 1919 EXT 1999 [ChessBase]}) 19... Qa7 20. Bxe6 Bxe1 21. Be3 (21. Qxe1 Qxc5+ 22. Be3 Qc6 $11) (21. Qxd5 $6 Rad8 22. Bxf7+ Kh8 $14) 21... Bg3 22. Qxd5 Rad8 23. Qe4 Qe7 {[%emt 0:02:50] Against Nd7} 24. Bb3 $36 {[%emt 0:02:27][%mdl 2048] Strongly threatening Ne6. White is really pushing. The board is on fire. This bishop pair is nice.} Kh8 $2 (24... Qxe5 25. Qxe5 Bxe5) 25. Ne6 $18 {[%emt 0:05:41] [#] Bc5 is the strong threat.} ({Weaker is} 25. Nxa6 Nxe5 26. Bc2 g6 $14) ({Less strong is} 25. Bc2 g6 26. Bb3 Ng5 $18) 25... Nxe5 26. Bc5 {[%emt 0:01:24] White is clearly winning.} ({Not} 26. Nxf8 Qxf8 27. Bc2 Ng6 $18) (26. Nxd8 Rxd8 27. a4 Qd7 $18) 26... Qf6 27. Bxf8 Rxf8 28. Nxf8 {[%emt 0:00:08] White took control after the opening.  Weighted Error Value: White=0.01 (flawless) /Black=0.37} 1-0

[Event "67th Mexican-ch Open 2022"]
[Site "Chihuahua"]
[Date "2022.04.16"]
[Round "6.6"]
[White "Cori Quispe, Kevin Joel"]
[Black "Diaz Villagran, Robert"]
[Result "1-0"]
[ECO "C18"]
[WhiteElo "2492"]
[BlackElo "2318"]
[Annotator "TA"]
[PlyCount "69"]
[EventDate "2022.04.12"]
[EventType "swiss"]
[EventCountry "MEX"]
[SourceTitle "playchess.com"]
[Source "ChessBase"]
[SourceQuality "1"]
[TimeControl "5400+30"]

1. e4 e6 2. d4 d5 3. Nc3 Bb4 4. e5 Ne7 5. a3 Bxc3+ 6. bxc3 c5 7. Qg4 Kf8 8. a4 Qc7 {[%emt 0:02:41] C18: French: 3 Nc3 Bb4: Main line: 7 h4 and 7 Qg4.} 9. Nf3 {[%emt 0:05:55] is the legacy move (9.Qd1).} b6 10. Bd3 Ba6 {[%emt 0:08:37] White is slightly better.} 11. Ba3 h6 12. O-O {[%emt 0:03:15][%cal Oc3c4] [#]} c4 $146 ({Predecessor:} 12... Kg8 13. dxc5 bxc5 14. c4 Bxc4 15. Bxc4 dxc4 16. Qxc4 Nd7 17. Rfe1 Kh7 18. Qe4+ g6 {½-½ (45) Quesada Perez,Y (2614)-Dizdarevic,E (2475) Khanty-Mansiysk 2010}) 13. Be2 {[%emt 0:02:57] 0x0.00018dd7ffe2dp-1022s more active pieces.} Nbc6 14. Nh4 g5 $2 {[%emt 0:01:31][%mdl 8192] [#]} (14... Kg8 $16 {is tougher.}) 15. Nf3 $2 (15. f4 $1 $18 {[%cal Rf4f5] is the precise move to win.} gxh4 16. f5) 15... Ke8 16. Qh5 {[%emt 0:06:00][%cal Of3g5] And now Nxg5! would win.} Ng6 {[%emt 0:01:53] [#] Threatens to win with ...Nf4.} 17. g3 {[%emt 0:00:06] Prevents Nf4.} Qd8 (17... Kd7 $16 {might work better.} 18. Ne1 Rag8) 18. Ne1 $18 Nce7 19. Qh3 Nf5 {[%emt 0:02:23][%cal Oh6h5] [#]} 20. Bh5 $1 Kd7 (20... Ng7 $142 21. Ng2 Nh4) 21. Ng2 Kc6 22. f4 {[%emt 0:09:10][%cal Bf2f4,Bf4f5][%mdl 32] aiming for g4.} Rh7 (22... Ng7 $142 23. fxg5 Nxh5) 23. g4 Nfh4 24. f5 Nf4 (24... Qg8 $142 25. Bxg6 (25. fxg6 fxg6 26. Nxh4 gxh4 $18) 25... Nxg6 26. fxg6 Qxg6) 25. Nxf4 {[%emt 0:00:27][%cal Of5e6] White is clearly winning.} gxf4 26. fxe6 fxe6 27. Rxf4 Qg5 28. Bc1 Rg7 29. Kh1 Rag8 {[%emt 0:00:10][%cal Og5h5] ...Qxh5! is the strong threat.} 30. Rf1 Qd8 31. Bxh6 Rh7 32. Rf6 Rxh6 33. Rxh6 Qg5 {[%emt 0:00:02] [#]} 34. Qxh4 $3 Qe3 (34... Qxh4 35. Be8+) 35. Rxe6+ {[%emt 0:00:50] White took control after the opening.  Weighted Error Value: White=0.40/Black=0.62} 1-0

[Event "67th Mexican-ch Open 2022"]
[Site "Chihuahua"]
[Date "2022.04.16"]
[Round "6.7"]
[White "Tapie Amione, Pablo Adib"]
[Black "Fernandez Hernandez, Arturo A."]
[Result "0-1"]
[ECO "B48"]
[WhiteElo "2241"]
[BlackElo "2376"]
[Annotator "TA"]
[PlyCount "54"]
[EventDate "2022.04.12"]
[EventType "swiss"]
[EventCountry "MEX"]
[SourceTitle "playchess.com"]
[Source "ChessBase"]
[SourceQuality "1"]
[TimeControl "5400+30"]

1. e4 c5 2. Nf3 e6 3. d4 cxd4 4. Nxd4 Nc6 5. Nc3 Qc7 6. Be3 a6 7. g4 {[%emt 0:12:34] Nowadays more popular than 7.Qd2. B48: Sicilian: Taimanov: 5 Nc3 Qc7 6 Be3 a6 without Be2.} b5 8. Nxc6 Qxc6 9. Bg2 {[%emt 0:05:16] The position is equal.} Bb7 {[%emt 0:02:30][%cal Of8a3] [#]} 10. Qe2 $146 (10. a3 $11) ({Predecessor:} 10. Qd2 Nf6 11. f3 Bc5 12. O-O-O O-O 13. g5 Nh5 14. Ne2 Rac8 15. Bxc5 Qxc5 16. Bh3 {½-½ (38) Korobov,A (2699)-Kulaots,K (2519) Sitges 2021}) 10... Ba3 11. Nd1 $11 Bc5 12. a4 (12. a3 $11 {was preferrable.}) 12... Ne7 $15 13. axb5 axb5 14. Rxa8+ Bxa8 15. O-O O-O 16. c4 bxc4 17. Qxc4 Bxe3 18. Nxe3 Qb6 19. Rb1 Ng6 20. Qc3 ({White should play} 20. b4 $15) 20... Nf4 $19 {[%emt 0:01:49] White must now prevent ...Ne2+.} 21. Qe5 $2 {[%emt 0:00:08] [#]} (21. Qc4) 21... Ne2+ $1 22. Kh1 d6 23. Nc4 (23. Qg5) 23... Qxf2 {[%emt 0:01:35] Black is clearly winning.} ({Inferior is} 23... dxe5 24. Nxb6 Bc6 25. Rd1 $17) 24. Nxd6 Nf4 25. Bf1 Qf3+ 26. Kg1 Qe3+ 27. Kh1 f6 {[%emt 0:00:13] Weighted Error Value: White=0.86/Black=0.10 (very precise)} 0-1

[Event "67th Mexican-ch Open 2022"]
[Site "Chihuahua"]
[Date "2022.04.16"]
[Round "6.8"]
[White "Avila Rodriguez, Joshua Ad"]
[Black "Galaviz Medina, Sion Radamantys"]
[Result "0-1"]
[ECO "B81"]
[WhiteElo "2182"]
[BlackElo "2374"]
[Annotator "TA"]
[PlyCount "102"]
[EventDate "2022.04.12"]
[EventType "swiss"]
[EventCountry "MEX"]
[SourceTitle "playchess.com"]
[Source "ChessBase"]
[SourceQuality "1"]
[TimeControl "5400+30"]

1. e4 c5 2. Nf3 d6 3. d4 cxd4 4. Nxd4 Nf6 5. Nc3 e6 6. g4 h6 7. h4 Be7 8. Qf3 h5 9. gxh5 {[%emt 0:03:04] B81: Sicilian Scheveningen: Keres Attack.} Nxh5 10. Bg5 a6 11. Bxe7 {[%emt 0:10:10] White is better.} Qxe7 12. O-O-O {[%emt 0:00:26] [#]} b5 $146 ({Predecessor:} 12... Bd7 13. Bg2 Nc6 14. Nxc6 Bxc6 15. Nd5 Bxd5 16. exd5 e5 17. Qg4 g6 18. Qb4 Nf4 {0-1 (37) Ezeokoli,M-Al Khater,H Baguio City 1987}) 13. Bh3 {[%emt 0:27:14] Hoping for Rhe1.} Qf6 {[%emt 0:01:00] [#]} (13... Bb7 $11) 14. Qe3 (14. Nf5 $1 $16 {[%cal Oe4e5][%mdl 512] aiming for e5!} exf5 15. exf5) 14... Qf4 $15 15. a4 Qxe3+ 16. fxe3 bxa4 (16... Ke7 {looks sharper.} 17. axb5 axb5 18. Ndxb5 Ra1+) 17. Nxa4 {[%emt 0:10:29] Nb6 is the strong threat.} Bb7 (17... Nd7 $15) 18. Rhg1 (18. Nb6 $14) 18... Nd7 $11 19. Nb3 (19. Nxe6 $11 fxe6 20. Rxd6) 19... Ke7 $17 (19... Bxe4 20. Nc3 Nhf6 21. Rxd6 $15) 20. Rd4 Nhf6 21. Bg2 Rad8 ({Much less strong is} 21... Rxh4 22. e5 Rxd4 23. exf6+ (23. Bxb7 Rxa4 24. exf6+ Kxf6 $16) 23... Nxf6 24. Bxb7 (24. Nxd4 Bxg2 25. Rxg2 Rg8 $16) 24... Rxa4 25. Bxa8 $16) (21... Rab8 $142 22. Na5 Ne5) 22. Na5 Ba8 23. Rgd1 ({Better is} 23. Nc4 $1 $15) 23... Ne5 (23... Rxh4 24. Rxd6 Rh2 25. e5 Bxg2 26. exf6+ gxf6 27. Nc3 $15) 24. Nb6 Nfg4 (24... Rxh4 $19 25. Nac4 (25. Nxa8 $2 Rxa8 26. Rxd6 Rc8 $19) 25... Nxc4 26. Rxc4 Bxe4 27. Bxe4 Rxe4 28. Nc8+ Kf8 29. Rxd6 Rxd6 30. Nxd6 Rxe3) 25. Nac4 Nxc4 (25... Rxh4 {seems wilder.} 26. Nxd6 Rb8 27. Nbc4 g5) 26. Nxc4 Rxh4 27. Rxd6 $2 (27. R1d2 $17) 27... Rxd6 $19 28. Rxd6 {[%emt 0:00:08] [#]} Ne5 29. Rd4 $17 Nxc4 30. Rxc4 {[%emt 0:00:02][%mdl 4096] Endgame KRB-KRB} Rh2 (30... Kd7 $15) 31. Rc8 Rxg2 32. Rxa8 $11 {[%emt 0:00:05] KR-KR} g5 33. e5 Rf2 34. Rxa6 Rf5 35. Ra4 Rxe5 36. Kd2 f5 37. Rd4 (37. c4 $11) 37... Rb5 $15 38. b3 e5 39. Ra4 g4 40. Ra6 $2 ({White should play} 40. Ra8 $15) 40... Rb8 $1 $19 41. Rc6 $2 (41. Ke1) 41... Rh8 (41... Rg8 $142 {Threatens to win with ...g3.} 42. Ke1 f4 43. exf4 exf4) 42. Ke1 $2 (42. Kd3 Rg8 43. Ra6) 42... Rh2 $2 (42... f4 43. Rg6 g3) 43. Kf1 $2 {[%emt 0:00:31] [#]} (43. Rg6 Rxc2 44. e4) 43... g3 $1 44. b4 f4 {[%emt 0:00:20] ( -> ...f3)} 45. exf4 exf4 {[%emt 0:00:32][%cal Be5f4,Bf4f3,Bf3f2][%mdl 32] Black mates.} 46. Rc3 Ke6 47. b5 Kf5 48. b6 Kg4 ({And not} 48... Rf2+ 49. Kg1 Rd2 50. b7 $11) 49. b7 {[%emt 0:00:42] [#]} f3 $1 50. Kg1 f2+ 51. Kf1 Rh1+ {[%emt 0:00:04] Weighted Error Value: White=0.92/Black=0.35} 0-1

[Event "67th Mexican-ch Open 2022"]
[Site "Chihuahua"]
[Date "2022.04.16"]
[Round "6.9"]
[White "Montes Orozco, Miguel Angel"]
[Black "Diaz Rosas, Julio Cesar"]
[Result "1/2-1/2"]
[ECO "D97"]
[WhiteElo "1914"]
[BlackElo "2393"]
[Annotator "TA"]
[PlyCount "95"]
[EventDate "2022.04.12"]
[EventType "swiss"]
[EventCountry "MEX"]
[SourceTitle "playchess.com"]
[Source "ChessBase"]
[SourceQuality "1"]
[TimeControl "5400+30"]

1. d4 Nf6 2. c4 g6 3. Nf3 Bg7 4. Nc3 d5 5. Qb3 dxc4 6. Qxc4 O-O 7. e4 Nc6 8. Be2 e5 $1 {[%emt 0:00:08][%cal Re5d4][%mdl 4] is currently scoring better than 8...Bg4. D97: Grünfeld: Russian System: 7 e4, replies other than 7...Bg4.} 9. d5 ({And not} 9. Nxe5 Nxd4 10. O-O {[#]} Nxe4 $1 11. Nxe4 Be6 $17) 9... Nd4 10. Nxd4 exd4 {[%emt 0:00:04] The position is equal.} 11. Qxd4 c6 12. Qc4 b5 13. Qb3 {[%emt 0:08:16] [#]} (13. Qxc6 $14 Bd7 14. Qd6) 13... Re8 $146 ({Predecessor:} 13... cxd5 14. exd5 Re8 15. O-O b4 16. Qxb4 Nxd5 17. Nxd5 Rxe2 18. Qc4 Re5 19. Nc7 Be6 20. Nxe6 Rxe6 {½-½ (46) Zubov,A (2608)-Baron,T (2506) Rishon Le Ziyyon 2015}) 14. O-O b4 (14... Nxe4 $11 15. Nxe4 Rxe4) 15. Qxb4 $14 cxd5 16. Rd1 (16. Bg5 $14) 16... a5 $11 17. Qc5 Bb7 18. Bg5 d4 (18... Qb8 $14) 19. Bb5 Nd7 20. Bxd8 {[%emt 0:07:37] &Bianco is much more active.} Nxc5 21. Bxe8 dxc3 22. bxc3 Ne6 {[%emt 0:00:09] [#]} 23. Bxf7+ $1 Kxf7 {[%emt 0:00:06] [#]} 24. Bxa5 Bxe4 25. Bb4 Ra7 {[%emt 0:02:01] Prevents Rd7+.} 26. f3 Bc2 27. Rd2 Ba4 28. Re1 Bb5 {[%emt 0:02:45] This bishop pair is nice.} 29. a3 Bf6 30. g3 Nc7 (30... Rc7 $11 {deserves consideration.}) 31. c4 Ba4 32. Kg2 Na6 33. Re3 ({White should try} 33. Re4 $16) 33... Nxb4 (33... Rc7 $11 {remains equal.}) 34. axb4 $16 Bd7 35. b5 {[%emt 0:02:27] b6 is the strong threat.} Be7 (35... Bg5 $16 36. f4 Be7) 36. Re5 $18 Rb7 37. g4 Be6 $2 (37... Bf6 38. Re4 Be7) 38. Rc2 $2 (38. c5 $18) 38... Bd6 $16 39. Re4 Bc5 40. Rce2 Bc8 41. Re5 Rc7 42. Ra2 Bb7 43. Rxc5 Rxc5 $11 44. Ra7 Rc7 {[%emt 0:00:05][%cal Ob7f3] And now ...Bxf3+! would win.} 45. Kg3 Re7 46. c5 {[%emt 0:09:37] Hoping for c6.} Bd5 47. Rb7 Rd7 $4 48. Rxd7+ {[%mdl 32768] Weighted Error Value: White=0.40/Black=0.41. An unexpected result.} 1/2-1/2

[Event "67th Mexican-ch Open 2022"]
[Site "Chihuahua"]
[Date "2022.04.16"]
[Round "6.10"]
[White "Torres Rosas, Luis Carlos"]
[Black "Rascon Vega, Alfonso"]
[Result "1/2-1/2"]
[ECO "C55"]
[WhiteElo "2356"]
[BlackElo "2107"]
[Annotator "TA"]
[PlyCount "70"]
[EventDate "2022.04.12"]
[EventType "swiss"]
[EventCountry "MEX"]
[SourceTitle "playchess.com"]
[Source "ChessBase"]
[SourceQuality "1"]
[TimeControl "5400+30"]

1. e4 e5 2. Nf3 Nc6 3. Bc4 Nf6 4. d3 h6 5. c3 d6 6. a4 {[%emt 0:00:29][%cal Ba2a4,Ba4a5][%mdl 32] C55: Two Knights: 4 d3, 4 d4 exd4 5 e5 and Max Lange Attack.} g6 7. O-O Bg7 8. a5 {[%emt 0:03:28] White is slightly better.} a6 9. b4 (9. Re1 $14) 9... O-O 10. Qb3 Ne7 11. Re1 {[%emt 0:00:43] [#]} c6 $146 {[%emt 0:00:20] [#] And now ...d5 would win.} ({Predecessor:} 11... g5 12. Nbd2 Ng6 13. Nf1 g4 14. N3d2 Nf4 15. Ne3 h5 16. d4 Nh7 17. dxe5 Bxe5 {½-½ (38) Sidhant,M (2344)-Indjic,A (2630) Caleta 2019}) 12. Qa2 g5 13. Bb3 Ng6 14. Na3 g4 15. Nd2 Nf4 16. Qc2 Nh7 17. Nac4 Qf6 (17... Be6 $11) 18. Nf1 (18. Nb6 $16 Rb8 19. Nxc8 Rbxc8 20. Nc4) 18... Ng5 $11 19. Bxf4 exf4 20. d4 Qg6 21. Nb6 Rb8 22. Kh1 h5 (22... Re8 $1 $15) 23. Nd2 $36 {[%emt 0:06:55][%mdl 2048] White has the initiative.} h4 24. f3 (24. Nxc8 $14 Rbxc8 25. Qd1) 24... h3 25. Nxc8 {[%emt 0:07:04] Pair of Knights!} (25. Re2 {is interesting.} g3 26. Nxc8 Rbxc8 27. e5) 25... hxg2+ 26. Kxg2 {[%emt 0:00:08] [#] aiming for Ne7+.} gxf3+ 27. Nxf3 Nxf3+ 28. Kxf3 {[%emt 0:00:06] Ne7+ is the strong threat. Really sharp!} Qh5+ (28... Rbxc8 $11 {should be considered.} 29. Qg2 Qh7) 29. Kg2 $14 Rbxc8 30. Qe2 (30. Qd1 $5 Qh4 31. Kh1 $16) 30... Qh6 (30... Qxe2+ $1 $14 31. Rxe2 c5) 31. Rad1 $16 {[%emt 0:00:48] Active counter play!} ({Resist} 31. Qg4 c5 $14) 31... c5 32. Qf3 cxd4 33. cxd4 Rc7 34. e5 (34. Rf1 $16) 34... dxe5 $11 35. dxe5 Rc6 {[%emt 0:03:45] Weighted Error Value: White=0.21 (precise) /Black=0.21 (precise)} (35... Re7 $11 {keeps the balance.}) 1/2-1/2

[Event "67th Mexican-ch Open 2022"]
[Site "Chihuahua"]
[Date "2022.04.16"]
[Round "6.11"]
[White "Benitez Lozano, Javier"]
[Black "Gonzalez Arroyo, Lenin"]
[Result "0-1"]
[ECO "A25"]
[WhiteElo "2309"]
[BlackElo "2210"]
[Annotator "TA"]
[PlyCount "80"]
[EventDate "2022.04.12"]
[EventType "swiss"]
[EventCountry "MEX"]
[SourceTitle "playchess.com"]
[Source "ChessBase"]
[SourceQuality "1"]
[TimeControl "5400+30"]

1. c4 e5 2. Nc3 Nc6 3. Nf3 g6 4. e3 Bg7 5. d4 d6 6. Be2 Nge7 7. d5 {[%emt 0:05:48] A25: English Opening vs King's Indian with ...Nc6 but without early d3.} Nb8 8. h4 {[%emt 0:03:48] [#]} h5 $146 (8... h6 $11) ({Predecessor:} 8... h6 9. h5 g5 10. Nd2 f5 11. e4 O-O 12. g4 fxg4 13. Bxg4 Bxg4 14. Qxg4 Rf4 {1-0 (60) Reinderman,D (2573)-L'Ami,E (2610) Dieren 2017}) 9. b3 (9. e4 $16) 9... a5 (9... e4 $11 10. Nd4 c5) 10. Bb2 Na6 11. Ng5 Nc5 12. Qc2 (12. a3 $5 ) 12... Nf5 13. g3 Qe7 14. Bf3 Bd7 15. Nb5 Na6 16. a3 Rc8 17. Rd1 Bxb5 (17... O-O $11 {remains equal.}) 18. cxb5 $16 Nc5 19. b4 axb4 20. axb4 Nd7 21. Ra1 Nb6 22. Ra7 Rb8 23. O-O O-O {[%emt 0:00:30] [#]} (23... Bh6 $1 $14) 24. Rc1 (24. Bxh5 $142 $1 Nxd5 (24... Bh6 25. Bf3) 25. Qb3 $1) 24... Rfc8 {[%emt 0:00:17] [#]} 25. Bxh5 $1 {[%emt 0:00:51][%mdl 512] Bg4 is the strong threat.} Bh6 (25... Bf6 26. Bf3) 26. Bg4 Bxg5 27. hxg5 ({Much weaker is} 27. Bxf5 gxf5 28. hxg5 Qxg5 $15) 27... Qxg5 {[%emt 0:00:12] [#]} 28. Bxf5 ({White should play} 28. Bf3 $1 $16) 28... Qxf5 (28... gxf5 $15 {should be considered.} 29. e4 fxe4 30. Qxe4 Qd2) 29. e4 $1 $11 ({But not} 29. Qxf5 gxf5 30. Rd1 Kf8 $17) 29... Qh3 30. Qd3 Kg7 31. Qf3 Qd7 $1 32. Ra5 ({White should try} 32. Bc3 $15) 32... Rh8 $17 33. Rc3 (33. Ra3 $17) 33... Rh5 34. Bc1 Rbh8 {[%emt 0:00:15][%cal Oh5h1] aiming for ...Rh1+!} 35. Kf1 (35. Be3 $142) 35... Na4 36. Rc2 (36. Rc4) 36... b6 $19 37. Ra7 (37. Rxa4 $19 Qxb5+ 38. Ke1 Qxa4 39. Rxc7 Rh1+ 40. Kd2 Qa2+ 41. Rc2) 37... Rh1+ {[%emt 0:00:43] Black mates.} 38. Ke2 Qxb5+ 39. Kd2 Qxb4+ 40. Kd3 Qb3+ {[%emt 0:15:20] Weighted Error Value: White=0.63/Black=0.21 (precise)} 0-1

[Event "67th Mexican-ch Open 2022"]
[Site "Chihuahua"]
[Date "2022.04.16"]
[Round "6.12"]
[White "Palma Villanueva, Miguel Ta"]
[Black "Figueredo Losada, Leonel"]
[Result "0-1"]
[ECO "C77"]
[WhiteElo "2210"]
[BlackElo "2342"]
[Annotator "TA"]
[PlyCount "82"]
[EventDate "2022.04.12"]
[EventType "swiss"]
[EventCountry "MEX"]
[SourceTitle "playchess.com"]
[Source "ChessBase"]
[SourceQuality "1"]
[TimeControl "5400+30"]

1. e4 e5 2. Nf3 Nc6 3. Bb5 a6 4. Ba4 Nf6 5. d3 d6 6. c4 g6 7. O-O Bg7 8. h3 O-O 9. Nc3 Nd7 {[%emt 0:01:22] C77: Ruy Lopez: 3...a6 4 Ba4 Nf6, unusual lines.} 10. Be3 (10. Bg5 $5 f6 11. Be3 $11) 10... Nd4 11. Bxd7 {[%emt 0:00:00] [#]} Bxd7 $146 {[%emt 0:02:18] Black has an edge.} ({Predecessor:} 11... Nxf3+ 12. Qxf3 Bxd7 13. Qg3 h6 14. Rad1 Be6 15. Nd5 c6 16. Bb6 Qd7 17. Nc7 Rac8 18. Nxe6 Qxe6 {½-½ (36) Matinian,N (2475)-Vdovin,V (2377) Moscow 2015}) 12. Bxd4 exd4 13. Ne2 c5 14. Nf4 b5 15. Re1 bxc4 16. dxc4 Rb8 17. Nd3 Re8 {[%emt 0:02:33] White is now going downhill.} 18. Qc2 Bc6 19. Nf4 Qa5 20. Re2 ({White should play} 20. Nd5) 20... Rxb2 21. Qxb2 {[%emt 0:00:00] aiming for Nd3.} d3 $1 {[%emt 0:00:05][%mdl 64] [#] Discovered Attack} 22. Qd2 Qxd2 {[%emt 0:00:18] &Nero is more active.} 23. Nxd2 (23. Rxd2 $17 Bxa1 24. Rxd3) 23... dxe2 $19 ({Weaker is} 23... Bxa1 24. Nxd3 Bc3 25. f3 $17) 24. Re1 f5 25. Rxe2 fxe4 26. Nd5 Bxd5 27. cxd5 {[%emt 0:00:01][%mdl 4096] Endgame KRB-KRN} Re5 28. Rxe4 (28. Nxe4 {is a better defense.} Rxd5 29. Kf1) 28... Rxd5 29. Nc4 Rd1+ 30. Kh2 Kf7 31. Re3 Rd4 32. Na5 Bf6 ({But not} 32... Ra4 $2 33. Nc6 $19) 33. Ra3 c4 {[%emt 0:01:27] Prevents Nb3. Threatens to win with ...d5.} 34. Rf3 (34. Kg3 $142) 34... d5 {[%emt 0:00:55][%cal Bd6d5,Bd5d4,Bd4d3][%mdl 32] Black is clearly winning.} 35. Nc6 Re4 36. Nb4 Ke6 37. Ra3 Be7 38. Rxa6+ Bd6+ 39. g3 d4 {[%emt 0:00:28] [#] Hoping for ...d3.} 40. Ra4 Bxb4 41. Rxb4 d3 {[%emt 0:00:03] Weighted Error Value: White=0.79/Black=0.07 (flawless)} 0-1